 Dungeon Crawl Stone Soup version 0.28-a0-535-g6f645e4c1d (webtiles) character file.

Game seed: 11411889571189017695

29 sanka the Slasher (level 3, 30/35 HPs)
             Began as a Gnoll Cinder Acolyte on Sept 26, 2021.
             Was a Follower of Zin.
             Quit the game on level 1 of the Dungeon.
             The game lasted 00:00:59 (1132 turns).

sanka the Slasher (Gnoll Cinder Acolyte)            Turns: 1132, Time: 00:01:00

Health: 30/35      AC:  2    Str: 13    XL:     3   Next: 16%
Magic:  7/7        EV: 11    Int: 14    God:    Zin [*.....]
Gold:   45         SH:  0    Dex:  7    Spells: 7/7 levels left

rFire   . . .      SeeInvis .   a - -1 falchion (flame)
rCold   . . .      Faith    +   (no shield)
rNeg    . . .      Spirit   .   b - +0 robe
rPois   .          Reflect  .   (no helmet)
rElec   .          Harm     .   (no cloak)
rCorr   .          Rampage  .   (no gloves)
Will    .....                   (no boots)
Stlth   +.........              e - amulet of faith
HPRegen 0.11/turn               (no ring)
MPRegen 0.10/turn               (no ring)

@: fire susceptible
A: fangs 1, strong nose, distributed training
a: Renounce Religion, Recite, Donate Gold


You were on level 1 of the Dungeon.
You worshipped Zin.
Zin was aware of your devotion.
You visited 1 branch of the dungeon, and saw 1 of its levels.

You collected 50 gold pieces.
You donated 5 gold pieces to Zin.


Innate Abilities, Weirdness & Mutations

You have very sharp teeth.
Your uncanny sense of smell can sniff out nearby items.
Your experience applies equally to all skills.


   Skills:
 + Level 6.5 Fighting
 + Level 0.6 Short Blades
 + Level 6.5 Long Blades
 + Level 0.6 Axes
 + Level 0.6 Maces & Flails
 + Level 0.6 Polearms
 + Level 0.6 Staves
 + Level 0.6 Slings
 + Level 0.6 Bows
 + Level 0.6 Crossbows
 + Level 0.6 Throwing
 + Level 0.6 Armour
 + Level 0.6 Dodging
 + Level 0.6 Stealth
 + Level 0.6 Shields
 + Level 0.6 Unarmed Combat
 + Level 2.8 Spellcasting
 + Level 0.4 Conjurations
 + Level 0.4 Hexes
 + Level 0.4 Summonings
 + Level 0.4 Necromancy
 + Level 0.4 Translocations
 + Level 0.4 Transmutations
 + Level 5.4 Fire Magic
 + Level 0.4 Ice Magic
 + Level 0.4 Air Magic
 + Level 0.4 Earth Magic
 + Level 0.4 Poison Magic
 + Level 0.8 Invocations
 + Level 0.6 Evocations


You had 7 spell levels left.
You didn't know any spells.
Your spell library contained the following spells:

 Spells                   Type           Power      Damage    Failure   Level
 Scorch                   Fire           34%        2d7       3%          2

Inventory:

Hand Weapons
 a - a -1 falchion of flaming (weapon)
Armour
 b - a +0 robe (worn)
Jewellery
 e - an amulet of faith (around neck)
Scrolls
 c - 3 scrolls of vulnerability {unknown}
 d - a scroll of identify {unknown}
 f - a scroll of silence {unknown}
 h - a scroll of blinking {unknown}
Potions
 g - 2 potions of curing {unknown}
 i - a potion of cancellation {unknown}

Dungeon Overview and Level Annotations

Branches:
Dungeon (1/15)

Altars:
Zin

▒...▒ ▒ ▒ ▒...▒ ▒ ▒.
▒.▒▒▒▒▒ ▒.▒▒▒▒▒▒▒▒
▒.▒▒▒.. ▒........▒
▒.....▒
▒.......▒▒▒▒▒▒▒.....▒
▒.8.⌠.8.▒.†.........▒
▒...............▒▒▒▒▒
▒.⌠.g.⌠.▒.......▒
▒▒▒.......▒▒▒▒▒▒▒.▒
▒▒...8.⌠.8...........
▒
▒..........▒▒▒▒▒▒▒.▒.▒
▒.▒..............
..▒.▒
▒.▒.........▒▒▒▒▒ ▒▒▒
▒ ▒...........+
▒▒▒.........▒
▒.........+


There were no monsters in sight!


Message History

You hit the ball python but do no damage.
The ball python is moderately wounded.
The ball python barely misses you. The ball python constricts you.
You barely miss the ball python.
The ball python is moderately wounded.
The ball python barely misses you. The ball python constricts you.
The ball python bites you but does no damage.
The ball python constricts you.
You hit the ball python. You burn the ball python.
You kill the ball python!
No target in view!
No target in view!
There is a faded altar of an unknown god here.
You cannot tell which god this altar belongs to.
Convert to them anyway?
Really abandon Ignis for an unknown god?
Zin accepts your prayer!
You have lost your religion!
Ignis blazes with a vengeful fury!
Ignis burns away your resistance to fire.
Zin welcomes you!
You pay a tithe of 5 gold.
Your amulet flashes!
You can now donate money to Zin.
You can now recite Zin's Axioms of Law.
Unknown command.
Press < or > to pray at altars.
Are you sure you want to abandon this character and quit the game? (Confirm with "yes".)

Action                   || total
-------------------------++-------
Melee: Falchion          ||    73
       Punch             ||     1
       Bite              ||     1
Armor: Robe              ||    20
Dodge: Dodged            ||    58

Levels and vault maps discovered:
D:1:      nicolae_arrival_washed_ashore, layout_basic,
          hellmonk_ecumenical_altar_dog_temple, minmay_ruptured

Notes
Turn   | Place    | Note
-------+----------+-------------------------------------------
     0 | D:1      | sanka the Gnoll Cinder Acolyte began the quest for the Orb.
     0 | D:1      | Reached XP level 1. HP: 23/23 MP: 4/4
   134 | D:1      | Reached XP level 2. HP: 26/29 MP: 5/5
   944 | D:1      | Found a faded altar of an unknown god.
   946 | D:1      | Reached XP level 3. HP: 35/35 MP: 7/7
  1131 | D:1      | Fell from the grace of Ignis
  1131 | D:1      | Became a worshipper of Zin the Law-Giver
  1131 | D:1      | Reached * piety under Zin
  1132 | D:1      | Quit the game

Vanquished Creatures
  A dart slug (D:1)
  2 bats (D:1)
  2 giant cockroaches (D:1)
  3 goblins (D:1)
  8 jackals (D:1)
  4 ball pythons (D:1)
  4 rats (D:1)
24 creatures vanquished.
